Map: Orbital Shipyard

Players

llllllllllll

  • Race: Zerg Zerg
  • League: Master

Miszu - Winner!

  • Race: Terran Terran
  • League: Grandmaster

VOD

Have the link to the VOD?

Description

Time

  • Played on: Feb. 19, 2016, 12:09 p.m.
  • Length: 15:10
Show
View Real Time Build Order
Export as new Build Order

llllllllllll Zerg 

Build Orders: Hatch First 

Get SALT Encoding   

  12  0:00  Drone  
  13  0:12  Overlord  
  13  0:18  Drone  
  14  0:30  Drone  
  14  0:31  Drone  
  14  0:34  Drone  
  17  0:51  Hatchery  
  17  0:55  Drone  
  17  0:58  Drone  
  18  1:04  Extractor  
  17  1:13  Spawning Pool  
  17  1:16  Drone  
  17  1:19  Drone  
  18  1:29  Drone  
  19  1:39  Overlord  
  19  2:00  Queen  
  21  2:01  Zergling x2  
  21  2:02  Zergling x2  
  21  2:03  Queen  
  21  2:04  Drone  
  26  2:11  Metabolic Boost, Drone  
  27  2:16  Drone  
  28  2:23  Drone  
  28  2:25  Drone  
  30  2:40  Drone  
  31  2:47  Roach Warren  
  31  2:48  Queen x2  
  33  2:54  Overlord  
  33  2:55  Overlord  
  33  2:56  Drone  
  34  2:59  Drone  
  33  3:16  Drone  
  33  3:17  Zergling x4  
  33  3:18  Zergling x4  
  38  3:29  Queen x2  
  38  3:31  Roach  
  38  3:32  Roach  
  46  3:41  Roach x2  
  46  3:42  Overlord  
  46  3:46  Roach  
  50  4:11  Drone x5  
  50  4:12  Drone x2  
  50  4:13  Drone  
  50  4:14  Drone  
  59  4:22  Overlord  
  59  4:23  Overlord  
  59  4:40  Drone, Hatchery  
  59  4:41  Drone  
  59  4:43  Drone  
  59  4:45  Drone  
  62  4:49  Hatchery  
  62  4:50  Drone x2  
  64  4:53  Drone x2  
  64  4:56  Drone  
  64  4:57  Overlord  
  64  4:58  Drone  
  68  5:04  Overlord  
  68  5:07  Extractor, Lair  
  68  5:09  Extractor, Drone  
  68  5:11  Overlord  
  68  5:13  Extractor  
  66  5:17  Evolution Chamber  
  66  5:18  Drone  
  66  5:19  Evolution Chamber  
  65  5:25  Drone  
  65  5:26  Drone x2  
  68  5:32  Drone  
  68  5:33  Drone x3  
  72  5:38  Roach x2  
  72  5:39  Ravager x2  
  78  5:45  Overlord  
  78  5:48  Drone  
  79  6:07  Overlord  
  79  6:08  Drone x6  
  79  6:09  Zerg Missile Weapons Level 1  
  79  6:10  Zerg Ground Armor Level 1  
  79  6:11  Drone x2  
  86  6:12  Glial Reconstitution  
  86  6:15  Drone  
  88  6:20  Drone  
  88  6:23  Drone x2  
  88  6:25  Extractor  
  90  6:26  Extractor  
  90  6:30  Overlord  
  90  6:31  Overlord  
  90  6:32  Drone  
  90  6:33  Drone x4  
  90  6:39  Roach x2  
  100  6:40  Roach x2  
  100  6:44  Overlord  
  102  6:51  Overlord x2  
  102  6:57  Roach x4  
  110  7:02  Roach  
  112  7:09  Roach x2  
  112  7:10  Roach x3  
  122  7:18  Roach x3  
  122  7:19  Roach x2  
  122  7:21  Ravager x5  
  122  7:22  Overlord x3  
  137  7:30  Roach x3  
  137  7:33  Overlord  
  137  7:34  Roach x2  
  137  7:35  Roach  
  133  7:45  Roach x4  
  133  7:49  Ravager  
  144  7:51  Roach  
  144  7:52  Ravager  
  144  7:53  Roach x3  
  151  8:07  Roach  
  151  8:08  Roach x7  
  151  8:09  Roach  
  169  8:14  Overlord  
  169  8:15  Roach x2  
  173  8:20  Overlord  
  173  8:21  Roach x2  
  173  8:25  Queen  
  178  8:27  Hatchery  
  178  8:29  Drone  
  178  8:30  Drone  
  180  8:34  Drone x4  
  180  8:38  Spore Crawler  
  180  8:39  Spore Crawler  
  180  8:40  Spore Crawler  
  179  8:42  Spore Crawler, Drone  
  179  8:45  Drone x2  
  179  8:47  Drone x2  
  183  8:52  Zerg Missile Weapons Level 2  
  183  8:54  Infestation Pit  
  182  8:58  Drone  
  182  8:59  Drone, Spore Crawler  
  182  9:01  Drone  
  182  9:02  Drone  
  185  9:03  Spore Crawler  
  185  9:08  Spore Crawler  
  183  9:14  Overlord, Spore Crawler  
  183  9:16  Spore Crawler  
  181  9:26  Overlord  
  181  9:28  Pneumatized Carapace, Overseer  
  181  9:35  Overlord  
  181  9:36  Overlord  
  181  9:37  Roach x2  
  185  9:40  Ravager x3  
  185  9:41  Pathogen Glands, Zerg Ground Armor Level 2  
  188  9:50  Hive  
  188  10:06  Overlord  
  188  10:13  Overlord  
  188  10:15  Infestor x4  
  188  10:16  Infestor  
  188  10:20  Roach  
  200  10:48  Overlord  
  200  11:10  Ultralisk Cavern  
  199  11:11  Overlord  
  199  11:17  Overlord  
  199  11:19  Zerg Missile Weapons Level 3  
  199  11:35  Ravager  
  143  12:07  Roach x5  
  143  12:08  Roach x14  
  150  12:10  Infestor x4  
  150  12:11  Infestor  
  150  12:13  Roach x3  
  150  12:14  Roach x5  
  165  12:16  Zergling x10  
  165  12:17  Zergling x10  
  175  12:26  Roach x4  
  177  12:35  Zergling x6  
  176  12:39  Zergling x2  
  176  12:40  Hatchery  
  176  12:43  Zergling x4  
  172  12:56  Ravager x3  
  172  12:57  Zergling x2  
  172  12:58  Zergling x16  
  174  12:59  Zergling x6  
  174  13:04  Chitinous Plating  
  180  13:08  Hatchery  
  180  13:11  Zergling x4  
  180  13:12  Zergling x2  
  182  13:13  Ravager  
  182  13:15  Overseer  
  182  13:18  Zergling x2  
  186  13:25  Zergling x8  
  186  13:26  Zergling x4  
  186  13:37  Zergling x6  
  123  13:50  Zergling x14  
  123  13:51  Zergling x2  
  123  13:54  Ultralisk x3  
  122  13:55  Zergling x4  
  122  13:56  Zergling x4  
  124  14:11  Infestor x2  
  124  14:17  Queen, Drone x6  
  130  14:20  Zergling x2  
  130  14:21  Zergling x4  
  130  14:22  Ravager  
  130  14:23  Ravager x2  
  142  14:29  Zergling x10  
  142  14:30  Zergling x2  
  154  14:38  Zergling x4  
Show
View Real Time Build Order
Export as new Build Order

Miszu Terran - Winner!

Build Orders: MMM Bio 

Get SALT Encoding   

  12  0:00  SCV  
  13  0:13  SCV  
  14  0:18  Supply Depot  
  14  0:25  SCV  
  15  0:40  SCV  
  16  0:43  Barracks  
  16  0:44  Refinery  
  16  0:52  SCV  
  17  1:03  Barracks  
  17  1:04  SCV  
  18  1:16  SCV  
  19  1:30  Reaper, Orbital Command  
  20  1:35  Barracks  
  20  1:50  Reaper  
  20  1:51  Supply Depot  
  21  1:54  Refinery  
  21  1:56  SCV  
  22  2:04  Reaper  
  23  2:13  SCV  
  24  2:25  Supply Depot, SCV  
  24  2:27  Reaper  
  26  2:32  Reaper  
  27  2:37  SCV  
  28  2:44  Reaper  
  28  2:49  SCV  
  30  2:59  Reaper  
  30  3:01  SCV  
  33  3:08  Command Center  
  33  3:13  SCV  
  33  3:16  Supply Depot  
  35  3:26  SCV  
  37  3:35  Barracks Tech Lab  
  37  3:37  Barracks Tech Lab  
  37  3:38  Barracks Reactor, SCV  
  35  3:45  Command Center  
  35  3:50  SCV  
  34  4:10  Marine x2, SCV  
  34  4:11  Stimpack  
  34  4:15  Factory, Marine x2  
  39  4:21  Orbital Command  
  39  4:22  SCV  
  40  4:28  Marine  
  41  4:34  SCV  
  42  4:42  Marine  
  43  4:46  SCV  
  43  4:47  Marine x2  
  43  4:49  SCV  
  43  4:51  Marine  
  43  4:52  Refinery x2  
  48  4:57  Combat Shields  
  48  4:58  SCV  
  50  5:01  SCV  
  50  5:03  Orbital Command  
  50  5:08  Marine  
  50  5:09  Marine x3  
  50  5:10  SCV  
  50  5:13  SCV  
  56  5:16  Factory Reactor  
  56  5:18  Starport  
  56  5:23  SCV, Orbital Command  
  56  5:25  Marine, SCV  
  56  5:26  Marine  
  56  5:27  Marine x2  
  62  5:35  SCV  
  63  5:37  Engineering Bay, SCV  
  63  5:38  Engineering Bay  
  64  5:45  Supply Depot  
  64  5:46  Supply Depot  
  64  5:47  SCV  
  64  5:48  SCV  
  64  5:49  SCV  
  67  5:50  Marine  
  67  5:51  Marine  
  69  5:57  Marine  
  69  5:58  Marine  
  69  5:59  SCV  
  69  6:00  SCV  
  69  6:02  SCV  
  74  6:08  Marine  
  74  6:09  Marine, Terran Infantry Armor Level 1, Terran Infantry Weapons Level 1  
  74  6:10  Medivac  
  79  6:11  SCV  
  79  6:13  Medivac  
  79  6:15  SCV x2  
  79  6:18  Marine  
  84  6:23  Marine, SCV  
  84  6:24  Concussive Shells  
  86  6:27  SCV  
  87  6:33  Marine x2, Barracks, Factory Tech Lab  
  87  6:35  Marine, Barracks  
  87  6:37  SCV  
  87  6:38  SCV  
  87  6:39  SCV  
  93  6:41  Supply Depot  
  93  6:42  Supply Depot  
  93  6:46  Supply Depot  
  93  7:03  Marine x4, Siege Tank, SCV  
  93  7:04  Supply Depot, SCV x2  
  93  7:06  Supply Depot, Medivac  
  105  7:09  Armory  
  105  7:10  Supply Depot  
  105  7:15  SCV  
  106  7:18  SCV x2  
  106  7:21  Marine x4  
  114  7:25  Barracks Tech Lab x2  
  114  7:28  SCV  
  114  7:29  Medivac  
  115  7:30  SCV  
  115  7:33  Supply Depot  
  115  7:34  SCV  
  115  7:35  Supply Depot  
  115  7:36  Supply Depot  
  117  7:38  Marine x4  
  107  7:47  Marine  
  107  7:48  Siege Tank, Medivac, Marauder  
  114  7:53  SCV x3  
  114  7:56  Refinery x2, Marine x3  
  114  7:57  Marauder  
  114  7:58  Supply Depot  
  122  7:59  Supply Depot  
  122  8:00  Factory  
  122  8:06  Supply Depot, Marauder  
  122  8:09  Medivac, Marauder  
  128  8:14  Marine  
  128  8:16  Marauder  
  128  8:19  Marauder  
  133  8:25  Marine  
  132  8:27  Marauder  
  132  8:30  Marine, Medivac, Siege Tank  
  132  8:32  Marine  
  140  8:35  Terran Infantry Weapons Level 2  
  140  8:36  Terran Infantry Armor Level 2  
  140  8:37  Marauder  
  140  8:39  Medivac  
  140  8:40  Marine  
  145  8:42  Marine  
  146  8:48  Marauder  
  146  8:49  Marauder  
  146  8:50  Marine  
  151  8:56  Factory Tech Lab  
  151  8:58  Supply Depot x2  
  151  8:59  Marauder x2  
  151  9:00  Supply Depot, Marine  
  159  9:02  Siege Tank  
  159  9:05  Medivac  
  159  9:07  Marine  
  164  9:10  Marauder x2  
  166  9:18  Marine  
  166  9:20  Marauder x2  
  170  9:25  Medivac, Siege Tank  
  170  9:31  Marine x3  
  175  9:34  Widow Mine  
  175  9:36  Barracks, Terran Vehicle Weapons Level 1  
  175  9:37  Barracks  
  180  9:38  Barracks  
  180  9:49  Marine x4, Marauder x2  
  188  9:57  Siege Tank  
  188  9:59  Medivac  
  193  10:06  Marine  
  193  10:07  Marine x2, Marauder  
  194  10:10  Marauder  
  200  10:24  Marine  
  200  10:32  Command Center  
  200  10:41  Barracks Reactor x2, Barracks Tech Lab  
  188  11:00  Marine  
  188  11:01  Marauder  
  188  11:02  Terran Infantry Weapons Level 3, Terran Infantry Armor Level 3  
  188  11:03  Marine  
  188  11:04  Marauder x3  
  196  11:10  Marauder  
  199  11:37  Marine  
  199  11:49  Marine  
  199  11:51  Starport  
  199  11:52  Ghost Academy  
  172  12:03  Marine, Liberator  
  172  12:04  Marine x8, Marauder  
  172  12:05  Medivac, Siege Tank  
  172  12:06  Marine  
  172  12:08  SCV  
  152  12:18  Liberator  
  152  12:20  Siege Tank  
  152  12:21  Marine x4  
  152  12:22  Marine x5  
  166  12:23  Liberator  
  166  12:24  Marine x2  
  167  12:37  Siege Tank  
  167  12:39  Marine, Ghost  
  167  12:40  Marauder x3  
  167  12:41  Marine  
  175  12:56  Liberator  
  170  13:00  Marine x6, Marauder  
  170  13:01  Marine x3, Refinery  
  170  13:02  Siege Tank  
  181  13:08  Marine  
  182  13:13  SCV  
  182  13:18  Marine x5, Reaper  
  182  13:19  Marine, Marauder x2  
  197  13:21  Marine  
  197  13:26  Marine  
  199  13:35  Marine  
  199  13:39  Marine  
  199  13:40  Marine x2  
  193  13:44  Marine  
  193  13:46  Marauder  
  153  13:50  Marine x5  
  153  13:53  Marine  
  155  13:58  Marine x2  
  160  14:07  Marauder  
  160  14:08  Marine x3  
  160  14:09  Marine  
  164  14:10  Marine  
  164  14:11  Marine  
  164  14:14  Siege Tank  
  164  14:15  Siege Tank  
  164  14:16  Marine, Marauder  
  167  14:17  Planetary Fortress  
  167  14:24  Marine, Marauder  
  168  14:25  Marine  
  168  14:28  Marine  
  168  14:29  Marine, Marauder  
  174  14:43  Marine, Marauder  
  174  14:44  Marine x2, Marauder  
  174  14:45  Marine x3  
  183  14:46  Marine x2  
  183  14:50  Marine  
Tags
 
Add a new tag
Caveats
  • Supply blocks, unpowered buildings, or Contaminate may cause inaccurate times.
  • Supply counts are checked every 10 seconds.